 Dungeon Crawl Stone Soup version 0.24-a0-278-gefa1973 (webtiles) character file.

Game seed: 10545436183186920202

361 mhoghedin the Conjurer (level 6, 0/36 HPs)
             Began as a Tengu Wizard on Apr 30, 2019.
             Was an Initiate of Vehumet.
             Succumbed to a scorpion's poison
             ... on level 4 of the Dungeon.
             The game lasted 00:07:51 (3582 turns).

mhoghedin the Conjurer (Tengu Wizard)               Turns: 3582, Time: 00:07:52

Health: 0/36       AC:  5    Str:  7      XL:     6   Next: 66%
Magic:  11/11      EV: 16    Int: 20      God:    Vehumet [......]
Gold:   221        SH:  0    Dex: 11 (13) Spells: 3/11 levels left

rFire    . . .     SeeInvis .   j - +1 short sword (elec)
rCold    . . .     Gourm    +   (no shield)
rNeg     . . .     Faith    .   a - +0 robe
rPois    .         Spirit   .   b - +0 hat
rElec    .         Reflect  .   e - +2 cloak
rCorr    .         Harm     .   (no gloves)
MR       .....                  (boots unavailable)
Stlth    ++........             g - amulet of the gourmand {Gourm, !d}
HPRegen  0.12/turn              (no ring)
MPRegen  0.12/turn              (no ring)

@: lethally poisoned (0 -> -6), flying quickly and evasively, quick
A: beak, talons 3, able to fly
a: Stop Flying, Renounce Religion


You were on level 4 of the Dungeon.
You worshipped Vehumet.
Vehumet was noncommittal.
You were very full.

You visited 1 branch of the dungeon, and saw 4 of its levels.

You collected 221 gold pieces.

Inventory:

Hand Weapons
 c - a +0 short sword
   (You found it on level 1 of the Dungeon)
 j - a +1 short sword of electrocution (weapon)
   (You took it off a kobold on level 1 of the Dungeon)
Armour
 a - a +0 robe (worn)
 b - a +0 hat (worn)
 e - a +2 cloak (worn)
   (You found it on level 1 of the Dungeon)
Jewellery
 g - an amulet of the gourmand (around neck) {Gourm, !d}
   (You found it on level 1 of the Dungeon)
Scrolls
 h - 3 scrolls of identify
 i - 3 scrolls of blinking {unknown}
 k - a scroll of teleportation
Potions
 f - a potion of mutation {!q}
Comestibles
 d - 8 rations


   Skills:
 - Level 2.4 Fighting
 - Level 2.8 Short Blades
 - Level 3.7 Dodging
 - Level 3.5 Stealth
 - Level 3.0 Spellcasting
 + Level 4.3 Conjurations
 - Level 1.2 Summonings
 - Level 0.7 Translocations
 + Level 1.4 Air Magic


You had 3 spell levels left.
You knew the following spells:

 Your Spells              Type           Power        Failure   Level  Hunger
a - Magic Dart            Conj           ###.         2%          1    None
b - Blink                 Tloc           N/A          16%         2    ##.....
c - Call Imp              Summ           #.......     13%         2    ##.....
x - Mephitic Cloud        Conj/Pois/Air  ##......     21%         3    ###....

Your spell library contained the following spells:

 Spells                   Type           Power        Failure   Level  Hunger
 Conjure Flame            Conj/Fire      ##......     19%         3    ###....
 Slow                     Hex            #.......     22%         2    ##.....


Dungeon Overview and Level Annotations

Branches:
Dungeon (4/15)
 Temple: D:4-7

Altars:
Ashenzari
Dithmenos
Fedhas
Qazlal
Trog
Vehumet
Wu Jian


Innate Abilities, Weirdness & Mutations

You have a beak for a mouth.
You have claws for feet.
You can fly continuously.


Message History

You see here a frilled lizard corpse.
A frilled lizard corpse.
The floor.
Unknown command.
You butcher the frilled lizard corpse.
l - a chunk of flesh {@w0} You see here a frilled lizard skeleton.
Eating a chunk of flesh {@w0}.
You eat the chunk of flesh {@w0}.
This raw flesh tastes great.
Done exploring.
Done exploring.
(D) Dungeon
Where to? (Enter - D:2 @ (x,y), ? - help)
The adder is too close now for your liking.
An adder is nearby!
You closely miss the adder. The adder bites you but does no damage.
You barely miss the adder. The adder barely misses you.
You hit the adder. Lightning courses through the adder!
You kill the adder!
Vehumet accepts your kill.
No target in view!
No target in view!
Memorise Mephitic Cloud, consuming 3 spell levels and leaving 3?
You start memorising the spell.
You continue memorising. x3
You finish memorising.
Spell assigned to 'x'.
Done exploring.
Done exploring.
(D) Dungeon
Where to? (Enter - D:4, ? - help)
There is a stone staircase leading down here.
You fly downwards.
There is a stone staircase leading up here.
A leopard gecko skeleton comes into view.
Found a stone staircase leading up.
You hit the leopard gecko skeleton but do no damage.
You claw the leopard gecko skeleton. The leopard gecko skeleton misses you.
You hit the leopard gecko skeleton. The leopard gecko skeleton misses you.
You hit the leopard gecko skeleton.
You destroy the leopard gecko skeleton!
Vehumet accepts your kill.
No target in view!
d - 8 rations (gained 1)
A scorpion comes into view.
A scorpion is nearby!
A scorpion is nearby!
Found 19 arrows.
Found a stone staircase leading down.
You closely miss the scorpion.
The scorpion stings you but does no damage.
You hit the scorpion but do no damage. The scorpion stings you!
You take 7 damage, and have 29/36 hp.
You hit the scorpion. The scorpion closely misses you.
You hit the scorpion but do no damage. Your kick misses the scorpion.
The scorpion stings you.
You take 6 damage, and have 23/36 hp.
You barely miss the scorpion. The scorpion closely misses you.
You completely miss the scorpion. Your kick misses the scorpion.
Your peck misses the scorpion. The scorpion barely misses you.
Unknown command.
You hit the scorpion.
The scorpion stings you but does no damage.
You hit the scorpion but do no damage. The scorpion stings you!
You take 9 damage, and have 14/36 hp.
MASSIVE DAMAGE!!
Unknown command.
You hit the scorpion. Your kick misses the scorpion. The scorpion stings you!
* * * LOW HITPOINT WARNING * * *
You are lethally poisoned!
The scorpion poisons you!
You take 7 damage, and have 7/36 hp.
Unknown command.
Okay, then.
Unknown command.
Unknown command.
You hit the scorpion. Lightning courses through the scorpion!
You kill the scorpion!
Vehumet accepts your kill.
You feel your strength returning.
Your Conjurations skill increases to level 4!
Your Air Magic skill increases to level 1!
* * * LOW HITPOINT WARNING * * *
You feel sick.
* * * LOW HITPOINT WARNING * * *
You feel sick.
You take 1 damage, and have 6/36 hp.
* * * LOW HITPOINT WARNING * * *
You feel sick.
You take 1 damage, and have 5/36 hp.
* * * LOW HITPOINT WARNING * * *
You feel sick.
You take 1 damage, and have 4/36 hp.
* * * LOW HITPOINT WARNING * * *
You feel sick.
You take 1 damage, and have 3/36 hp.
* * * LOW HITPOINT WARNING * * *
You feel sick.
You take 1 damage, and have 2/36 hp.
* * * LOW HITPOINT WARNING * * *
You feel sick.
You take 1 damage, and have 1/36 hp.
You die...

#..#...........#
#.%#......#..<####..
#####..!................
..........###...........
.........###...........#
..........#.............
............#$...######.
.........<.........#
.......@....####.#...
....(.......# #.##..
............# .. .#
............... ##
....>........##
...........###
....##...... ....
.....$.#


There were no monsters in sight!

Vanquished Creatures
  An orc warrior (D:3)
  A scorpion (D:4)
  An orc priest (D:3)
  2 orc wizards (D:3)
  6 adders
  2 worms (D:2)
  3 dart slugs
  2 leopard geckos (D:2)
  3 orcs (D:3)
  9 giant cockroaches
  6 hobgoblins
  5 jackals
  7 kobolds
  A ball python (D:2)
  7 bats
  7 frilled lizards
  10 goblins
  A leopard gecko skeleton (D:4)
  10 rats
84 creatures vanquished.

Notes
Turn   | Place    | Note
-------+----------+-------------------------------------------
     0 | D:1      | mhoghedin the Tengu Wizard began the quest for the Orb.
     0 | D:1      | Reached XP level 1. HP: 10/10 MP: 5/5
    71 | D:1      | Reached skill level 2 in Conjurations
   182 | D:1      | Reached XP level 2. HP: 15/15 MP: 5/7
   347 | D:1      | Reached skill level 3 in Conjurations
   351 | D:1      | Learned a level 2 spell: Call Imp
   520 | D:1      | Learned a level 2 spell: Blink
   737 | D:1      | Reached XP level 3. HP: 12/19 MP: 6/8
  1303 | D:2      | Found a shattered altar of Ashenzari.
  1343 | D:2      | Reached skill level 1 in Short Blades
  1343 | D:2      | Reached XP level 4. HP: 13/24 MP: 9/9
  1461 | D:2      | Found a blossoming altar of Fedhas.
  1481 | D:2      | Reached skill level 1 in Fighting
  1978 | D:3      | HP: 6/25 [poisoned by an adder]
  1978 | D:3      | Noticed an orc warrior
  1985 | D:2      | HP: 5/25 [poisoned by an adder]
  2317 | D:3      | Gained mutation: You can fly continuously. [Tengu growth]
  2317 | D:3      | Reached XP level 5. HP: 29/29 MP: 10/10
  2348 | D:3      | Reached skill level 3 in Dodging
  2624 | D:3      | Reached skill level 2 in Short Blades
  2715 | D:3      | Reached skill level 3 in Stealth
  2725 | D:3      | HP: 4/30 [orc warrior/+0 flail (17)]
  2732 | D:3      | HP: 2/30 [orc priest/divine providence (12)]
  2743 | D:3      | HP: 2/30 [bat (1)]
  2830 | D:3      | HP: 4/30 [orc warrior/+0 flail (21)]
  2839 | D:3      | Killed an orc warrior
  2839 | D:3      | Reached skill level 2 in Fighting
  2839 | D:3      | Reached XP level 6. HP: 13/35 MP: 2/11
  2840 | D:3      | HP: 7/35 [orc priest/+0 trident (2)]
  3099 | D:3      | Found an ornate altar of the Wu Jian Council.
  3099 | D:3      | Found a stormy altar of Qazlal.
  3100 | D:3      | Found a radiant altar of Vehumet.
  3109 | D:3      | Became a worshipper of Vehumet
  3176 | D:3      | Found a shadowy altar of Dithmenos.
  3176 | D:3      | Found a bloodstained altar of Trog.
  3231 | D:3      | Found a stormy altar of Qazlal.
  3535 | D:3      | Learned a level 3 spell: Mephitic Cloud
  3573 | D:4      | HP: 7/36 [scorpion (7)]
  3574 | D:4      | Reached skill level 4 in Conjurations
  3574 | D:4      | Reached skill level 1 in Air Magic
  3578 | D:4      | HP: 3/36 [poisoned by a scorpion]
  3581 | D:4      | HP: 1/36 [poisoned by a scorpion]
  3582 | D:4      | Succumbed to a scorpion's poison

Levels and vault maps discovered:
D:1:      dpeg_arrival_round_c, layout_loops_corners, minmay_worlds_worst_comb
D:2:      layout_basic, ashenzari_altar_1, overflow_temple_1_default,
          minmay_tromino_v2
D:3:      layout_loops_ring, grunt_temple_overflow_open,
          gammafunk_temple_overflow_claw, fountainhead,
          nicolae_qazlal_general_emergency
D:4:      layout_rooms, grunt_ministairs_11

Skill      XL: |  1  2  3  4  5  6 |
---------------+-------------------+-----
Conjurations   | 2 3 4 |  4.3
Short Blades   | 1 2 |  2.8
Fighting       | 1 2 |  2.4
Dodging        | 3 |  3.7
Stealth        | 3 |  3.5
Air Magic      | 1 |  1.4
Spellcasting   | |  3.0
Summonings     | |  1.2
Translocations | |  0.7

Action                   |  1- 3 |  4- 6 || total
-------------------------+-------+-------++-------
Melee: Unarmed           |     4 |       ||     4
       Kick              |     8 |    19 ||    27
       Short sword       |    60 |   133 ||   193
       Peck              |     4 |    11 ||    15
 Cast: Magic Dart        |    29 |     4 ||    33
       Blink             |     1 |       ||     1
       Call Imp          |       |     4 ||     4
 Abil: Fly               |       |     1 ||     1
  Use: Scroll            |     1 |     7 ||     8
       Potion            |       |     4 ||     4
 Stab: Sleeping          |     2 |     7 ||     9
       Distracted        |       |     1 ||     1
  Eat: Chunk             |     2 |    14 ||    16
Armor: Robe              |    20 |    29 ||    49
Dodge: Dodged            |    36 |   136 ||   172

Table legend:
 A = Non-vault XP
 B = Vault XP
 C = Vault XP percentage of total XP
 D = Non-vault monster count
 E = Vault monster count
 F = Vault count percentage of total count
                 A         B        C        D         E       F
            +---------+---------+-------+---------+---------+-------
      Total |     493 |      24 |   4.6 |      78 |       6 |   7.1
            +---------+---------+-------+---------+---------+-------
        D:1 |      37 |      10 |  21.3 |      24 |       5 |  17.2
        D:2 |      86 |      14 |  14.0 |      25 |       1 |   3.8
        D:3 |     295 |       0 |   0.0 |      27 |       0 |   0.0
        D:4 |      75 |       0 |   0.0 |       2 |       0 |   0.0
            +---------+---------+-------+---------+---------+-------

Levels and vault maps discovered:
D:1:      dpeg_arrival_round_c, layout_loops_corners, minmay_worlds_worst_comb
D:2:      layout_basic, ashenzari_altar_1, overflow_temple_1_default,
          minmay_tromino_v2
D:3:      layout_loops_ring, grunt_temple_overflow_open,
          gammafunk_temple_overflow_claw, fountainhead,
          nicolae_qazlal_general_emergency
D:4:      layout_rooms, grunt_ministairs_11

Table legend:
 A = Turns spent in this place as a percentage of turns spent in the entire game.
 B = Non-inter-level travel turns spent in this place as a percentage of non-inter-level travel turns spent in the entire game.
 C = Inter-level travel turns spent in this place as a percentage of turns spent in this place.
 D = Turns resting spent in this place as a percentage of non-inter-level travel turns spent in this place.
 E = Turns spent auto-exploring this place as a percentage of non-inter-level travel turns spent in this place.
 F = Non-inter-level travel turns spent in this place divided by the number of levels of this place that you've seen.
                   A       B       C       D       E      F
               +-------+-------+-------+-------+-------+----------------------
         Total | 100.0 | 100.0 |   4.6 |  31.1 |  49.7 | 854.2
       Dungeon | 100.0 | 100.0 |   4.6 |  31.1 |  49.7 | 854.2
               +-------+-------+-------+-------+-------+----------------------

Table legend:
 A = Kills in this place as a percentage of kills in entire the game.
 B = Kills by you in this place as a percentage of kills by you in the entire game.
 C = Kills by friends in this place as a percentage of kills by friends in the entire game.
 D = Other kills in this place as a percentage of other kills in the entire game.
 E = Experience gained in this place as a percentage of experience gained in the entire game.
 F = Experience gained in this place divided by the number of levels of this place that you have seen.
                   A       B       C       D       E      F
               +-------+-------+-------+-------+-------+----------------------
         Total | 100.0 | 100.0 |   N/A |   N/A | 100.0 | 129.2
       Dungeon | 100.0 | 100.0 |   N/A |   N/A | 100.0 | 129.2
               +-------+-------+-------+-------+-------+----------------------
